 Dungeon Crawl Stone Soup version 0.30-a0-800-g7c544603b3 (webtiles) character file.

Game seed: 16477693263000637938

77 Lobster4 the Ruffian (level 4, -1/41 (42) HPs)
             Began as a Troll Gladiator on Feb 22, 2023.
             Slain by a wight
             ... wielding a +0 scimitar
              (13 damage)
             ... on level 3 of the Dungeon.
             The game lasted 00:02:57 (1376 turns).

Lobster4 the Ruffian (Troll Gladiator)              Turns: 1376, Time: 00:02:58

HP:   -1/41 (42)    AC:  5    Str: 22    XL:     4   Next: 13%
MP:   3/3           EV: 10    Int:  6    God:
Gold: 57            SH:  0    Dex: 11    Spells: 3/3 levels left

rFire   . . .      SeeInvis .      - Unarmed
rCold   . . .      Faith    .    (no shield)
rNeg    . . .      Spirit   .    a - +0 robe
rPois   .          Reflect  .    b - +1 hat
rElec   .          Harm     .    (no cloak)
rCorr   .          Rampage  .    (gloves unavailable)
Will    .....                    (boots unavailable)
Stlth   +                        (no amulet)
HPRegen 1.06/turn                (no ring)
MPRegen 0.08/turn                (no ring)

@: lightly drained
A: large, unfitting armour, claws 3, regeneration 1, shaggy fur 1, tough skin 1
a: no special abilities


You were on level 3 of the Dungeon.
You visited 1 branch of the dungeon, and saw 3 of its levels.

You collected 90 gold pieces.
You spent 33 gold pieces at shops.

Inventory:

Hand Weapons
 h - a +0 sling
 i - a +0 whip
Missiles
 c - 3 throwing nets
 d - a large rock
 l - 16 stones (quivered)
Armour
 a - a +0 robe (worn)
 b - a +1 hat (worn)
Scrolls
 f - a scroll of fear {unknown}
 j - a scroll of enchant armour
 o - a scroll of fog {unknown}
 p - a scroll of amnesia {unknown}
Potions
 e - a potion of haste {unknown}
 g - a potion of attraction {unknown}
 k - 2 potions of curing
 m - a potion of invisibility
 n - 2 potions of brilliance


   Skills:
 + Level 2.0 Fighting
 + Level 1.2 Maces & Flails
 + Level 2.2 Throwing
 + Level 1.0 Armour
 + Level 2.7 Dodging
 + Level 3.3 Unarmed Combat


You had 3 spell levels left.
You didn't know any spells.
Your spell library was empty.

Dungeon Overview and Level Annotations

Branches:
Dungeon (3/15)

Altars:

Shops:
D:1 ?


Innate Abilities, Weirdness & Mutations

You are too large for most types of armour.
You have claws for hands.
Your natural rate of healing is unusually fast.
You are covered in fur. (AC +1)
You have tough skin. (AC +1)


Message History

The dart slug launches a dart at you. The slug dart hits you.
The dart slug launches a dart at you. The slug dart hits you.
You scratch the dart slug but do no damage.
You claw the dart slug!
You kill the dart slug!
No target in view!
No target in view!
HP restored.
p - a scroll labelled DOEXOS VAGU A wight comes into view.
It is wielding a +0 scimitar.
A wight comes into view. It is wielding a +4 short sword.
A wight comes into view. It is wielding a +3 halberd.
The wight closely misses you.
You closely miss the wight. The wight closely misses you.
The wight attacks as you move away! The wight closely misses you.
The wight attacks as you move away! The wight completely misses you.
The wight attacks as you move away! The wight hits you but does no damage.
The wight attacks as you move away! The wight hits you with a +0 scimitar!
You feel drained.
You scratch the wight.
The wight is moderately damaged.
The wight closely misses you.
You scratch the wight but do no damage.
The wight is moderately damaged.
The wight barely misses you.
You scratch the wight.
The wight is severely damaged.
The wight hits you with a +0 scimitar!
You are too injured to fight recklessly!
You are too injured to fight recklessly!
You scratch the wight.
The wight is almost destroyed.
The wight hits you with a +0 scimitar!
* * * LOW HITPOINT WARNING * * *
As you read the scroll labelled VEABECR XUODD, it crumbles to dust.
It is a scroll of enchant armour.
Your +0 hat glows green for a moment.
The wight hits you with a +0 scimitar!
You die...

..........##
#..........#
######...##.#
#.z.# #...#
#...# #...#
#######.##
#...@zzz#
#.#######
#####.###
#.......#
#.###†#.###.#
#.##........#
#.##..#.#####
#.##..#.#####
#...........#


You could see 3 wights.

Vanquished Creatures
  4 adders (D:2)
  A worm (D:2)
  3 dart slugs
  5 ball pythons
  3 bats (D:2)
  3 endoplasms (D:2)
  A giant cockroach (D:2)
  5 hobgoblins (D:2)
  A kobold (D:1)
  2 quokkas (D:1)
  A frilled lizard (D:1)
  3 rats (D:1)
32 creatures vanquished.

Notes
Turn   | Place    | Note
-------+----------+-------------------------------------------
     0 | D:1      | Lobster4 the Troll Gladiator began the quest for the Orb.
     0 | D:1      | Reached XP level 1. HP: 19/19 MP: 0/0
   100 | D:1      | Found Lok Wila's Magic Scroll Emporium.
   302 | D:1      | Reached XP level 2. HP: 28/28 MP: 1/1
   467 | D:1      | Bought a scroll of identify for 22 gold pieces
   467 | D:1      | Bought a scroll of noise for 11 gold pieces
   731 | D:2      | Reached XP level 3. HP: 32/35 MP: 2/2
   812 | D:2      | Reached skill level 1 in Maces & Flails
  1087 | D:2      | Reached skill level 1 in Armour
  1274 | D:2      | Reached XP level 4. HP: 39/42 MP: 3/3
  1376 | D:3      | Slain by a wight

Illustrated notes

Levels and vault maps discovered:
D:1:      spicycebolla_green_bress_n_ham_2, layout_rooms, serial_shops,
          nicolae_shop_crystal
D:2:      layout_basic
D:3:      layout_loops_cross, hex_large, minmay_liquid_box

Skill      XL: |  1  2  3 |
---------------+----------+-----
Throwing       | 2 |  2.2
Maces & Flails | 1 |  1.2
Fighting       | 2 |  2.0
Armour         | 1 |  1.0
Dodging        | |  2.7
Unarmed Combat | |  3.3

Action                     |  1- 3 |  4- 6 || total
---------------------------+-------+-------++-------
  Melee: Unarmed           |    75 |    11 ||    86
  Throw: Stone             |     1 |       ||     1
    Use: Scroll            |     3 |     1 ||     4
 Armour: Robe              |    25 |     2 ||    27
  Dodge: Dodged            |    39 |     8 ||    47

Table legend: (Time is in decaauts)
 A = Elapsed time spent in this place.
 B = Non-inter-level travel time spent in this place.
 C = Inter-level travel time spent in this place.
 D = Time resting spent in this place.
 E = Time spent auto-exploring this place.
 F = Levels seen in this place.
 G = Mean time per level.
                   A        B        C        D        E       F      G
               +--------+--------+--------+--------+--------+-----+--------+
         Total |   1369 |   1308 |     61 |      0 |   1068 |   3 |  456.3 |
       Dungeon |   1369 |   1308 |     61 |      0 |   1068 |   3 |  456.3 |
               +--------+--------+--------+--------+--------+-----+--------+

Top non-repeatable levels by time:
     D:2: 830 daAuts
     D:1: 471 daAuts
     D:3: 67 daAuts
